 Dungeon Crawl Stone Soup version 0.23-a0-136-g722f094 (webtiles) character file.

51 torrenera the Chopper (level 4, -2/35 HPs)
             Began as a Formicid Abyssal Knight on Aug 28, 2018.
             Was a Follower of Lugonu.
             Slain by Crazy Yiuf
             ... wielding a +4 quarterstaff of chaos
              (7 damage)
             ... on level 2 of the Dungeon.
             The game lasted 00:05:10 (1328 turns).

torrenera the Chopper (Formicid Abyssal Knight)     Turns: 1328, Time: 00:05:11

Health: -2/35      AC:  6    Str: 15 (18) XL:     4   Next: 7%
Magic:  5/5        EV:  9    Int: 15 (16) God:    Lugonu [*.....]
Gold:   63         SH:  0    Dex:  8 (10) Spells: 3/3 levels left

rFire    . . .     SeeInvis +   a - +1 hand axe
rCold    . . .     Gourm    .   (no shield)
rNeg     + . .     Faith    .   d - +0 scale mail
rPois    .         Spirit   .   (helmet unavailable)
rElec    .         Reflect  .   (no cloak)
rCorr    .         Harm     .   (no gloves)
MR       .....                  (no boots)
Stlth    ..........             (no amulet)
HPRegen  0.11/turn              f - ring of positive energy
MPRegen  0.09/turn              (no ring)

@: brilliant
A: permanent stasis, dig shafts and tunnels, four strong arms, antennae 3
a: Dig, Shaft Self, Depart the Abyss, Renounce Religion


You were on level 2 of the Dungeon.
You worshipped Lugonu.
Lugonu was aware of your devotion.
You were hungry.

You visited 1 branch of the dungeon, and saw 2 of its levels.
You visited the Abyss 1 time.

You collected 63 gold pieces.

Inventory:

Hand Weapons
 a - a +1 hand axe (weapon)
Armour
 d - a +0 scale mail (worn)
Jewellery
 f - a ring of positive energy (left hand)
Scrolls
 b - a scroll of identify {unknown}
 e - a scroll of immolation {unknown}
 g - 2 scrolls of teleportation {unknown}
 i - a scroll of magic mapping {unknown}
 j - a scroll of enchant weapon {unknown}
Comestibles
 c - 3 rations
 h - 6 chunks of flesh


   Skills:
 - Level 3.2 Fighting
 + Level 4.0 Axes
 - Level 2.1 Armour
 - Level 0.8 Dodging
 - Level 2.1 Invocations


You had 3 spell levels left.
You didn't know any spells.
Your spell library was empty.

Dungeon Overview and Level Annotations

Branches:
Dungeon (2/15)

Altars:
Ashenzari

Annotations:
D:2 Crazy Yiuf


Innate Abilities, Weirdness & Mutations

You cannot be hasted, slowed, berserked, paralysed or teleported.
You can dig through walls and to a lower floor.
Your four strong arms can wield two-handed weapons with a shield.
You have a pair of large antennae on your head. (SInv)


Message History

Crazy Yiuf is lightly wounded.
Crazy Yiuf hits you with a quarterstaff of chaos.
You hit Crazy Yiuf but do no damage.
Crazy Yiuf is lightly wounded.
Crazy Yiuf hits you with a quarterstaff of chaos.
Crazy Yiuf freezes you.
You hit Crazy Yiuf.
Crazy Yiuf is heavily wounded.
Crazy Yiuf hits you with a quarterstaff of chaos!
Crazy Yiuf draws strength from your wounds!
You hit Crazy Yiuf but do no damage.
Crazy Yiuf is lightly wounded.
Crazy Yiuf hits you but does no damage.
You are electrocuted!
* * * LOW HITPOINT WARNING * * *
You slash Crazy Yiuf!
Crazy Yiuf is heavily wounded.
You are feeling hungry.
Crazy Yiuf glowers.
Crazy Yiuf hits you with a quarterstaff of chaos!
You die...

...............#..........#
..#.##........###########.#
..#.##........# #.#
..#......###### #.#
..##.....# #.# ####.....#
♣♣♣♣♣##.## ##....# ###
♣♣♣.♣...#..# #....#
#...#♣..♣.......# ##...#
#...g@♣♣♣♣......# ##..#
#)..#♣♣ ♣♣..#.## ..# ###
♣♣####


You could see Crazy Yiuf.

Vanquished Creatures
  A gnoll (D:1)
  An adder (D:2)
  An ooze (D:2)
  A leopard gecko (D:1)
  2 bats
  A giant cockroach (D:1)
  4 hobgoblins
  2 jackals (D:1)
  A ball python (D:1)
  3 frilled lizards
  2 goblins (D:1)
  8 kobolds
  4 rats (D:1)
31 creatures vanquished.

Vanquished Creatures (others)
  A sixfirhy (Abyss:3)
1 creature vanquished.

Grand Total: 32 creatures vanquished

Notes
Turn   | Place    | Note
-------+----------+-------------------------------------------
     0 | Abyss:1  | torrenera the Formicid Abyssal Knight began the quest for
                  | the Orb.
     0 | Abyss:1  | Reached XP level 1. HP: 18/18 MP: 2/2
    53 | Abyss:2  | Noticed an alligator simulacrum
    65 | Abyss:3  | Killed a sixfirhy
    68 | Abyss:3  | Noticed a neqoxec
    70 | D:1      | Escaped the Abyss
   166 | D:1      | Reached * piety under Lugonu
   261 | D:1      | Reached XP level 2. HP: 20/24 MP: 3/3
   275 | D:1      | Reached skill level 3 in Axes
   498 | D:1      | Reached XP level 3. HP: 26/29 MP: 4/4
  1033 | D:2      | Found a shattered altar of Ashenzari.
  1191 | D:2      | Reached skill level 4 in Axes
  1191 | D:2      | Reached XP level 4. HP: 33/35 MP: 5/5
  1316 | D:2      | Found a runed door.
  1320 | D:2      | Noticed Crazy Yiuf
  1328 | D:2      | Slain by Crazy Yiuf

Vault maps used:
D:1:      lightli_arrival_maybe_door_vault, hangedman_decor_lopped,
          minmay_hexomino_p4
D:2:      lemuel_doored_altar, first_ration, uniq_crazy_yiuf_cottage
Abyss:3:  evilmike_nicolae_abyss_rune_betentacled_crabyss, lemuel_flamethrower_3

Skill      XL: |  1  2  3 |
---------------+----------+-----
Axes           | 3 4 |  4.0
Fighting       | |  3.2
Armour         | |  2.1
Dodging        | |  0.8
Invocations    | |  2.1

Action                   |  1- 3 |  4- 6 || total
-------------------------+-------+-------++-------
Melee: Hand axe          |   101 |    20 ||   121
Invok: Depart the Abyss  |     1 |       ||     1
  Use: Potion            |     3 |     1 ||     4
  Eat: Chunk             |     1 |       ||     1
Armor: Scale mail        |    64 |     7 ||    71
       Leather armour    |     1 |       ||     1
Dodge: Dodged            |    54 |     2 ||    56

Table legend:
 A = Non-vault XP
 B = Vault XP
 C = Vault XP percentage of total XP
 D = Non-vault monster count
 E = Vault monster count
 F = Vault count percentage of total count
                 A         B        C        D         E       F
            +---------+---------+-------+---------+---------+-------
      Total |      71 |       3 |   4.1 |      28 |       3 |   9.7
            +---------+---------+-------+---------+---------+-------
        D:1 |      40 |       3 |   7.0 |      18 |       3 |  14.3
        D:2 |      31 |       0 |   0.0 |      10 |       0 |   0.0
            +---------+---------+-------+---------+---------+-------
